[Event "Late-Titled-Tuesday-Blitz-November-28-2023"]
[Site "Chess.com"]
[Date "2023.11.28"]
[Round "6"]
[White "cthake"]
[Black "nitpicker"]
[Result "0-1"]
[WhiteElo "1917"]
[BlackElo "2315"]
[TimeControl "180+1"]
[EndTime "15:04:25 PST"]
[Termination "nitpicker won by resignation"]

1. e4 c5 2. Nf3 d6 3. d4 cxd4 4. Nxd4 Nf6 5. Nc3 Nc6 6. Bg5 Qb6 7. Nxc6 bxc6 8. Qd2 Qxb2 9. Rb1 Qa3 10. Bd3 e6 11. O-O Be7 12. Kh1 O-O 13. f4 h6 14. Bh4 Nxe4 15.
Bxe4 Bxh4 16. Bxc6 Ba6 17. Bxa8 Bxf1 18. Rxf1 Rxa8 19. Nb5 Qa6 20. c4 Rd8 21. f5 d5 22.
fxe6 fxe6 23. Qf4 Bf6 24. Nc7 Qc6 25. cxd5 exd5 26. Rc1 Qd6 27. Qxd6 Rxd6 28. Nb5 Ra6 29. Rc2 Ra5 30. Nc7 d4 31. Kg1 Bg5 32. Kf2 d3 33.
Rb2 Re5 34. h4 d2 35. Rxd2 Bxd2 0-1

[Event "Late-Titled-Tuesday-Blitz-November-28-2023"]
[Site "Chess.com"]
[Date "2023.11.28"]
[Round "6"]
[White "mind1mover"]
[Black "Msb2"]
[Result "0-1"]
[WhiteElo "2755"]
[BlackElo "3031"]
[TimeControl "180+1"]
[EndTime "15:04:26 PST"]
[Termination "Msb2 won by resignation"]

1. d4 d5 2. Nf3 e6 3. c4 Nf6 4.
cxd5 exd5 5. Nc3 Bb4 6. Qa4+ Nc6 7. Bg5 h6 8. Bxf6 Qxf6 9. e3 O-O 10. Be2 Be6 11. O-O a6 12. Rfc1 Bd6 13. Qd1 Ne7 14. Na4 b6 15. Ne1 g5 16. g3 Qg7 17. Nd3 f5 18.
Kh1 Kh8 19. f4 gxf4 20. Nxf4 Bf7 21. Nc3 c6 22. Bf3 Rac8 23. Na4 Rb8 24. Qe2 a5 25.
Qf2 Rfc8 26. Nc3 Ng8 27. Rc2 Nf6 28. Rac1 Ne4 29. Qg2 Rg8 30. Qh3 Ng5 31. Qf1 Rbe8 32. Re2 Bxf4 33. exf4 Nxf3 34. Qxf3 Qxd4 35. Rce1 Rxe2 36.
Qxe2 Re8 37. Qf1 Rxe1 38. Qxe1 Kg7 39. Kg2 Qf6 40. Qe5 d4 41. Qxf6+ Kxf6 42. Na4 b5 43.
Nc5 Bxa2 44. Nb7 a4 45. Kf2 Ke6 46. Nc5+ Kd5 47. Nd3 c5 48. Ne5 c4 49. Ke2 Bb1 50. Kd2 b4 51. Kc1 Be4 52. Nf7 a3 53. bxa3 bxa3 54. Nxh6 c3 55. Ng8 a2 56. Nf6+ Kc4 0-1

[Event "Late-Titled-Tuesday-Blitz-November-28-2023"]
[Site "Chess.com"]
[Date "2023.11.28"]
[Round "6"]
[White "Korchmar_Vasiliy"]
[Black "AryanTari"]
[Result "0-1"]
[WhiteElo "2731"]
[BlackElo "2981"]
[TimeControl "180+1"]
[EndTime "15:04:26 PST"]
[Termination "AryanTari won on time"]

1. e4 e5 2. Nf3 Nc6 3. Nc3 Nf6 4. Bb5 Nd4 5. O-O Nxb5 6. Nxb5 c6 7. Nc3 d6 8. d4 Qc7 9. Bg5 Be7 10. a4 a5 11. d5 O-O 12. Qd3 h6 13. Bxf6 Bxf6 14. Nd2 Be7 15. Nc4 f5 16. Rad1 fxe4 17. Nxe4 Bf5 18. Rfe1 Rad8 19. Qb3 Kh8 20. Qb6 Qxb6 21. Nxb6 Bg6 22. b3 Bf7 23. c4 c5 24. Nc3 Bg6 25.
Nb5 Rf6 26. g3 Bf5 27. f4 Rdf8 28. fxe5 dxe5 29. d6 Bd8 30. Nd5 R6f7 31. Rxe5 Bc2 32. Rde1 Bxb3 33. Ne3 Bxa4 34. Rxc5 Bb6 35. Rd5 Bb3 36.
Rd3 a4 37. c5 Bxc5 38. d7 Rd8 39. Kg2 Rfxd7 40. Rxd7 Rxd7 41. Nf5 a3 0-1

[Event "Late-Titled-Tuesday-Blitz-November-28-2023"]
[Site "Chess.com"]
[Date "2023.11.28"]
[Round "6"]
[White "grandemestregringo"]
[Black "FaustinoOro"]
[Result "0-1"]
[WhiteElo "2651"]
[BlackElo "2858"]
[TimeControl "180+1"]
[EndTime "15:04:29 PST"]
[Termination "FaustinoOro won on time"]

1. f4 d5 2. Nf3 Nf6 3. e3 Bf5 4. Nc3 h6 5. d3 e6 6. h3 Bb4 7. g4 Bh7 8. Bg2 O-O 9. O-O Nbd7 10. a3 Bd6 11. Nb5 Bc5 12. b4 Bb6 13. Nbd4 Qe7 14. Nb3 e5 15. f5 e4 16. Nfd4 c5 17.
bxc5 Nxc5 18. Nxc5 Bxc5 19. Bd2 Rfe8 20. Qb1 Bd6 21. Rf2 Rac8 22. Qb2 b6 23. a4 Nd7 24. a5 Nc5 25. Qb1 Qe5 26. Kf1 bxa5 27. Rxa5 Rb8 28.
Rb5 a6 29. Rb4 Rxb4 30. Bxb4 Qg3 31. Bxc5 Bxc5 32. Qc1 Kh8 33. dxe4 dxe4 34. Rf4 Bxd4 35. exd4 e3 36. Rf3 e2+ 0-1

[Event "Late-Titled-Tuesday-Blitz-November-28-2023"]
[Site "Chess.com"]
[Date "2023.11.28"]
[Round "6"]
[White "Sulthankan"]
[Black "FontVella8"]
[Result "0-1"]
[WhiteElo "2385"]
[BlackElo "2584"]
[TimeControl "180+1"]
[EndTime "15:04:30 PST"]
[Termination "FontVella8 won on time"]

1. d4 Nf6 2. c4 e6 3. Nf3 d5 4.
g3 Bb4+ 5. Bd2 Be7 6. Qc2 O-O 7.
Bg2 c6 8. O-O b6 9. b4 dxc4 10.
a4 Ba6 11. b5 cxb5 12. Ne5 Nd5 13. axb5 Bxb5 14. Nc3 Bc6 15. Nxc4 Nb4 16. Qb3 Bxg2 17.
Kxg2 Qxd4 18. Be3 Qd7 19. Rfd1 Qb7+ 20. Kg1 N8c6 21. Nb5 Rad8 22. Rdb1 Nd5 23. Bd2 Bf6 24. Ra2 Nd4 25. Nxd4 Bxd4 26. e4 Nf6 27. e5 Ne4 28.
Be1 Ng5 29. Nd2 Nh3+ 30. Kf1 Qh1+ 31. Ke2 Ng1+ 32. Kd1 Qxh2 33. Kc2 Rc8+ 34. Kd1 Rfd8 35. Rxa7 Qh5+ 36. f3 Bc3 0-1

[Event "Late-Titled-Tuesday-Blitz-November-28-2023"]
[Site "Chess.com"]
[Date "2023.11.28"]
[Round "6"]
[White "mbojan"]
[Black "SanchezKelvin"]
[Result "1-0"]
[WhiteElo "2855"]
[BlackElo "2525"]
[TimeControl "180+1"]
[EndTime "15:04:31 PST"]
[Termination "mbojan won on time"]

1. e4 e5 2. Nf3 Nc6 3. Bb5 a6 4.
Ba4 b5 5. Bb3 Nf6 6. O-O Nxe4 7.
d4 d5 8. dxe5 Be6 9. Be3 Be7 10.
Nbd2 Nc5 11. c3 O-O 12. Bc2 Bg4 13. h3 Bh5 14. g4 Bg6 15. Bxg6 fxg6 16. Nd4 Nxd4 17.
cxd4 Ne6 18. f4 c5 19. Nb3 cxd4 20. Nxd4 Bc5 21. Nxe6 Bxe3+ 22. Kg2 Qd7 23. Nxf8 Rxf8 24. Qd3 d4 25. Qe4 Rc8 26. Rad1 Qe6 27. b3 Rc3 28. Rf3 h5 29. gxh5 gxh5 30. f5 Qc8 31. Rxd4 Rc2+ 32. Kg3 Bxd4 33. Qxd4 Rc1 34. f6 gxf6 35. exf6 Qc7+ 36.
Kh4 Qf7 37. Rg3+ 1-0

[Event "Late-Titled-Tuesday-Blitz-November-28-2023"]
[Site "Chess.com"]
[Date "2023.11.28"]
[Round "6"]
[White "szachmistrz2500"]
[Black "PushingpawnsNYC"]
[Result "1-0"]
[WhiteElo "2475"]
[BlackElo "2319"]
[TimeControl "180+1"]
[EndTime "15:04:32 PST"]
[Termination "szachmistrz2500 won by resignation"]

1. Nf3 g6 2. g3 Bg7 3. Bg2 Nf6 4. O-O O-O 5. d3 c5 6. e4 Nc6 7. Re1 d6 8. c3 Bd7 9. d4 e5 10. dxc5 dxc5 11. Na3 Be6 12. Bg5 h6 13. Bxf6 Bxf6 14. Qe2 a6 15. Nc4 Qc7 16. Ne3 Rad8 17. Red1 Ne7 18. Qc2 b5 19. a4 Bg7 20. Bf1 c4 21. axb5 axb5 22. h4 Qc6 23. Kh2 f5 24. Rxd8 Rxd8 25.
Nd2 f4 26. Ng2 g5 27. hxg5 hxg5 28. Nf3 Bf6 29. Rd1 Rxd1 30. Qxd1 Qxe4 31. Qd6 Kf7 32.
Nd2 Qh7+ 33. Kg1 Qc2 34. Be2 Nf5 35. Bh5+ Kg7 36. Qxe6 Nh6 37. Nf3 Qxb2 38. Nxe5 Qxc3 39. Qd7+ Kg8 40. Bf7+ Kh7 41. Bxc4+ Bg7 42. Bd3+ Kh8 43. Ng6+ Kg8 44. Qe6+ Kh7 45. N6xf4+ Kh8 46. Qe8+ Ng8 47. Ng6+ Kh7 48. Nf8+ Kh8 49. Qg6 Nf6 50. Ne6 Qe1+ 51. Nxe1 1-0

[Event "Late-Titled-Tuesday-Blitz-November-28-2023"]
[Site "Chess.com"]
[Date "2023.11.28"]
[Round "6"]
[White "nindjaxx8"]
[Black "jinxy2009"]
[Result "1-0"]
[WhiteElo "2454"]
[BlackElo "2274"]
[TimeControl "180+1"]
[EndTime "15:04:32 PST"]
[Termination "nindjaxx8 won by resignation"]

1. d4 d5 2. c4 e6 3. Nc3 Nf6 4. Bf4 Bd6 5. Bxd6 Qxd6 6. e3 O-O 7. c5 Qd8 8. Nf3 b6 9. cxb6 axb6 10. Bd3 c5 11. O-O Nc6 12. a3 Ba6 13. Bxa6 Rxa6 14. Rc1 c4 15. Qc2 Na5 16. Rcd1 Nb3 17. e4 dxe4 18.
Nxe4 Nxe4 19. Qxe4 Qd5 20. Qc2 b5 21. Rfe1 Qd7 22. Qc3 Rd6 23. Qb4 Rd5 24. h3 Nxd4 25. Nxd4 Rxd4 26. Rxd4 Qxd4 27. Qxb5 c3 28. bxc3 Qxc3 29.
Re3 Qa1+ 30. Kh2 g6 31. Qb4 Ra8 32. h4 Qa2 33. Rf3 Qd5 34. a4 Qe5+ 35. g3 Qc7 36. Ra3 Qc6 37. a5 Rd8 38. Ra1 Qf3 39. Qb2 Ra8 40.
a6 Qd3 41. a7 Qd8 42. Qb7 Kg7 43. Ra2 h5 44. Rc2 Qe8 45. Rc7 Kg8 46. Kg1 e5 47. Rxf7 Rxa7 48. Rg7+ Kf8 49. Qxa7 1-0

[Event "Late-Titled-Tuesday-Blitz-November-28-2023"]
[Site "Chess.com"]
[Date "2023.11.28"]
[Round "6"]
[White "elchacal664"]
[Black "jup1978"]
[Result "1-0"]
[WhiteElo "2368"]
[BlackElo "2508"]
[TimeControl "180+1"]
[EndTime "15:04:33 PST"]
[Termination "elchacal664 won by resignation"]

1. e4 c5 2. Nf3 d6 3. d4 cxd4 4. Nxd4 Nf6 5. Nc3 Nc6 6. Nde2 g6 7. g3 Bg7 8. Bg2 O-O 9. O-O Be6 10. Re1 Rc8 11.
Nf4 Bd7 12. Nfd5 Nxd5 13. Nxd5 Be6 14. c3 Ne5 15. f4 Nc4 16. Qb3 Nb6 17. Be3 Bxd5 18.
exd5 Re8 19. Bh3 Rb8 20. Bf2 Qc7 21. Re4 f5 22. Rb4 Nd7 23. Rc4 Nc5 24. Bxc5 dxc5 25. a4 Qd6 26. Bg2 b6 27. Qb5 e6 28. Rd1 Kh8 29. b4 exd5 30. bxc5 Qe7 31. Bxd5 Qe3+ 32. Kh1 Qe2 33. Qb1 bxc5 34. Qd3 Rb2 35. Qxe2 Rexe2 36.
Rxc5 Rxh2+ 37. Kg1 Rhd2 38. Rxd2 Rxd2 39. Rc8+ Bf8 40.
Rxf8+ Kg7 41. Rd8 Kf6 42. c4 Ke7 43. Ra8 Ra2 44. Rxa7+ Kd6 45. Rxh7 Kc5 46. Rg7 Kd4 47. Rxg6 Ke3 48. Re6+ Kd2 1-0

[Event "Late-Titled-Tuesday-Blitz-November-28-2023"]
[Site "Chess.com"]
[Date "2023.11.28"]
[Round "6"]
[White "giomar27"]
[Black "DraningWaterHi"]
[Result "1-0"]
[WhiteElo "2426"]
[BlackElo "2174"]
[TimeControl "180+1"]
[EndTime "15:04:33 PST"]
[Termination "giomar27 won by resignation"]

1. e4 e5 2. Nf3 Nc6 3. Bc4 Nf6 4.
Qe2 Bc5 5. Ng5 O-O 6. Nxf7 Rxf7 7. Bxf7+ Kxf7 8. Qc4+ d5 9. Qxc5 Nd4 10. exd5 Ne4 11. Qc4 b5 12. Qd3 Bf5 13. Na3 Nxf2 14. Qf1 Nxh1 15. c3 Qh4+ 16. Kd1 Qg4+ 17. Ke1 Qe4+ 18.
Kd1 Kg8 19. d3 Bg4+ 20. Kd2 Qe2+ 21. Qxe2 Nxe2 22. h3 Nxc1 23. Rxc1 Nf2 24. hxg4 Nxg4 25. Nxb5 Rb8 26. c4 a6 27. Nxc7 Rxb2+ 28. Rc2 Rxc2+ 29.
Kxc2 Ne3+ 30. Kc3 Nxg2 31. Ne6 h5 32. d6 Kf7 33. d7 Kxe6 34. d8=Q h4 35. Qe8+ Kf5 36.
Qf7+ Kg4 37. Qxg7+ Kf3 38. Qxe5 h3 39. Qe4+ Kf2 40. Qf5+ Kg3 41. Qg5+ Kf2 42. Qh6 Kg3 43. c5 h2 44. Qxh2+ Kxh2 45. c6 Nf4 46. Kc4 Ne6 47. d4 Nd8 1-0

[Event "Late-Titled-Tuesday-Blitz-November-28-2023"]
[Site "Chess.com"]
[Date "2023.11.28"]
[Round "6"]
[White "PowerThinking2650"]
[Black "Koksal06"]
[Result "0-1"]
[WhiteElo "2469"]
[BlackElo "2631"]
[TimeControl "180+1"]
[EndTime "15:04:34 PST"]
[Termination "Koksal06 won by resignation"]

1. e4 e5 2. Nf3 Nc6 3. Nc3 Nf6 4. d4 exd4 5. Nxd4 Bb4 6. Nxc6 bxc6 7. Bd3 d5 8. Bd2 O-O 9. O-O Bg4 10. f3 Be6 11. e5 Nd7 12. f4 f5 13. exf6 Nxf6 14.
h3 c5 15. a3 Ba5 16. f5 Bf7 17. Bg5 c4 18. Be2 Qd6 19. Bf3 c6 20. Kh1 h6 21.
Bh4 Bc7 22. g3 Rae8 23. Qd2 Bh5 24. Rae1 Bxf3+ 25. Rxf3 Rxe1+ 26. Qxe1 Re8 27. Qd2 Qe5 28. Bxf6 Qxf6 29. Kg2 Re5 30. Qf2 Bb6 31. Qf1 Kh7 32.
Ne2 Qe7 33. Nf4 Rxf5 34. Nxd5 Qe4 35. Nf4 Qxc2+ 36. Kh1 Qxb2 37. Nh5 Rxf3 38. Qxf3 Qc1+ 0-1

[Event "Late-Titled-Tuesday-Blitz-November-28-2023"]
[Site "Chess.com"]
[Date "2023.11.28"]
[Round "6"]
[White "PawnEatingZombie"]
[Black "falzehope0"]
[Result "0-1"]
[WhiteElo "2183"]
[BlackElo "2362"]
[TimeControl "180+1"]
[EndTime "15:04:39 PST"]
[Termination "falzehope0 won on time"]

1. e4 d5 2. exd5 Nf6 3. Bb5+ Nbd7 4. c4 a6 5. Ba4 b5 6. cxb5 axb5 7. Bxb5 Bb7 8. Nc3 Nxd5 9. Nf3 g6 10. O-O Bg7 11. d4 O-O 12. Re1 N7f6 13. Bg5 h6 14. Bh4 Kh7 15. a4 Nf4 16. Bg3 N6h5 17. Ne5 Nxg2 18. Bc6 Nxg3 19. Bxb7 Nxe1 20. hxg3 Bxe5 21. Bxa8 Qxa8 22.
Qxe1 Bxd4 23. Qxe7 Qf3 24. Ne4 Bg7 25. Re1 Qf5 26.
Qxc7 Ra8 27. b3 Ra6 28. Nd6 Qf3 29. Nxf7 Rf6 30. Rf1 Rxf7 31. Qc4 Qf6 32. a5 Rd7 33. Ra1 Rd4 0-1

[Event "Late-Titled-Tuesday-Blitz-November-28-2023"]
[Site "Chess.com"]
[Date "2023.11.28"]
[Round "6"]
[White "Haykoooo0o"]
[Black "Dino_Ballecer"]
[Result "1/2-1/2"]
[WhiteElo "2434"]
[BlackElo "2577"]
[TimeControl "180+1"]
[EndTime "15:04:40 PST"]
[Termination "Game drawn - insufficient material"]

1. d4 Nf6 2. Nf3 c5 3. e3 d5 4. Bd3 g6 5. c3 Bg7 6. Nbd2 Qc7 7.
O-O O-O 8. Qe2 b6 9. e4 dxe4 10. Nxe4 cxd4 11. Nxd4 Bb7 12. Nxf6+ Bxf6 13. Be3 Nc6 14.
Nxc6 Qxc6 15. f3 Rad8 16. Be4 Qc8 17. Bxb7 Qxb7 18. Rfd1 Qc7 19. Rxd8 Rxd8 20. Rd1 h5 21. Rxd8+ Qxd8 22. Qd2 Qc7 23. Bd4 e5 24. Be3 Qc8 25.
Qd5 Kg7 26. a4 Qf5 27. Qe4 Qd7 28. Qc2 Qd5 29. c4 Qc6 30. b3 Be7 31. Qe4 Qe6 32. Kf1 f5 33. Qd3 e4 34. Qd5 Qxd5 35. cxd5 exf3 36.
gxf3 Bd6 37. h3 Kf7 38. Ke2 Kf6 39. Kd3 Bc7 40. Kc4 a6 41. b4 Ke5 42. b5 axb5+ 43.
Kxb5 Kxd5 44. Bxb6 Bb8 45. a5 g5 46. a6 g4 47. fxg4 fxg4 48. hxg4 hxg4 49. a7 Bxa7 50. Bxa7 g3 51. Kb4 g2 52. Kc3 g1=Q 53. Bxg1 1/2-1/2

[Event "Late-Titled-Tuesday-Blitz-November-28-2023"]
[Site "Chess.com"]
[Date "2023.11.28"]
[Round "6"]
[White "lluiss"]
[Black "KNVB"]
[Result "0-1"]
[WhiteElo "2206"]
[BlackElo "2666"]
[TimeControl "180+1"]
[EndTime "15:04:41 PST"]
[Termination "KNVB won on time"]

1. Nf3 d5 2. d4 c6 3. c4 Nf6 4.
cxd5 cxd5 5. Nc3 Nc6 6. Bf4 Ne4 7. e3 e6 8. Bd3 Nxc3 9. bxc3 Bd6 10. Bxd6 Qxd6 11.
O-O O-O 12. c4 dxc4 13. Bxc4 b6 14. e4 Bb7 15. Re1 Rfd8 16. e5 Qd7 17. Bd3 h6 18. Be4 Ne7 19. Bxb7 Qxb7 20. Qb3 Rd7 21. a4 Nc6 22.
Rad1 Rad8 23. Qc4 Rd5 24. Rd2 Qd7 25. Red1 Na5 26. Qb4 Nc6 27. Qc4 Ne7 28. h3 Nf5 29. g4 Ne7 30. Kg2 Ra5 31. Ra2 Nd5 32. Kg3 b5 0-1

[Event "Late-Titled-Tuesday-Blitz-November-28-2023"]
[Site "Chess.com"]
[Date "2023.11.28"]
[Round "6"]
[White "GiorgianBarbosa"]
[Black "Zhigalko_Sergei"]
[Result "0-1"]
[WhiteElo "2534"]
[BlackElo "2899"]
[TimeControl "180+1"]
[EndTime "15:04:44 PST"]
[Termination "Zhigalko_Sergei won on time"]

1. d4 Nf6 2. Nf3 e6 3. e3 b6 4.
Bd3 Bb7 5. O-O d5 6. b3 Bd6 7.
Bb2 O-O 8. Nbd2 Nbd7 9. Ne5 c5 10. f4 Qc7 11. Nxd7 Nxd7 12. dxc5 Nxc5 13. Qg4 f5 14. Qg3 Rf7 15. Nf3 Nxd3 16. cxd3 Qc2 17. Rf2 Qxd3 18. Ng5 Re7 19. Nxe6 g6 20. Nd4 Rxe3 21. Qh4 Be7 22. Qh6 Bf6 23. Nf3 Bxb2 24. Rxb2 Rxf3 25. gxf3 Qd4+ 26. Rf2 Qxa1+ 27. Kg2 Qg7 28. Qg5 Re8 29. Rd2 d4 30. Qg3 Re3 31. Rf2 d3 32. Qh4 Qe7 33.
Qh6 Re2 34. Rxe2 dxe2 35. Qxg6+ hxg6 0-1

[Event "Late-Titled-Tuesday-Blitz-November-28-2023"]
[Site "Chess.com"]
[Date "2023.11.28"]
[Round "6"]
[White "Felix-Rose"]
[Black "oogee"]
[Result "0-1"]
[WhiteElo "2325"]
[BlackElo "2327"]
[TimeControl "180+1"]
[EndTime "15:04:44 PST"]
[Termination "oogee won by resignation"]

1. e4 c5 2. Nf3 a6 3. Nc3 Nc6 4. d4 cxd4 5. Nxd4 e5 6. Nxc6 bxc6 7. Bd3 Nf6 8. O-O Bc5 9. Na4 Ba7 10. c4 O-O 11. Nc3 d5 12. cxd5 cxd5 13. Nxd5 Nxd5 14. exd5 f5 15. d6 Be6 16. Bxa6 Bd4 17. Bb7 Ra5 18. Be3 Qxd6 19. Bxd4 exd4 20. Re1 Rb8 21.
Qf3 Bf7 22. a3 Rb5 23. Qc6 Qxc6 24. Bxc6 Rxb2 25. Red1 Rd8 26. a4 Bc4 27. Rdb1 Rc2 28. Rc1 d3 29. Bb5 Rxc1+ 30. Rxc1 Bb3 31. Bxd3 Rxd3 32. a5 Rd1+ 33. Rxd1 Bxd1 34. a6 Ba4 35. f4 Kf7 36. Kf2 Ke6 37. a7 Bc6 38. Ke3 Bxg2 39. h4 Ba8 40. Kd4 Kd6 41. h5 g6 0-1

[Event "Late-Titled-Tuesday-Blitz-November-28-2023"]
[Site "Chess.com"]
[Date "2023.11.28"]
[Round "6"]
[White "The_Straightforward_Rook"]
[Black "Matthew_Clarke"]
[Result "0-1"]
[WhiteElo "2451"]
[BlackElo "2268"]
[TimeControl "180+1"]
[EndTime "15:04:51 PST"]
[Termination "Matthew_Clarke won by checkmate"]

1. e4 e5 2. Nf3 Nc6 3. Bc4 Bc5 4. d3 Nf6 5. Bg5 h6 6. Bh4 g5 7. Bg3 d6 8. c3 Bg4 9. Nbd2 Qe7 10. b4 Bb6 11. a4 a6 12. O-O O-O 13. Bb3 Nh5 14.
Kh1 Nf4 15. Nc4 Ba7 16. Ne3 Bh5 17. Nf5 Qf6 18. Qd2 Bg6 19. Nxh6+ Kg7 20. Ng4 Qe7 21.
b5 axb5 22. axb5 Nd8 23. b6 cxb6 24. Rfe1 Qd7 25. Ne3 f6 26. Bxf4 gxf4 27. Nd5 Nc6 28. Nh4 Rh8 29. Nxg6 Kxg6 30. Qe2 Rh6 31. h3 Rxh3+ 32.
gxh3 Qxh3+ 33. Kg1 Rh8 34. f3 Qh1+ 35. Kf2 Rh2# 0-1

[Event "Late-Titled-Tuesday-Blitz-November-28-2023"]
[Site "Chess.com"]
[Date "2023.11.28"]
[Round "6"]
[White "DamianoLew95"]
[Black "bazar-wokzal"]
[Result "0-1"]
[WhiteElo "2740"]
[BlackElo "2644"]
[TimeControl "180+1"]
[EndTime "15:04:54 PST"]
[Termination "bazar-wokzal won by resignation"]

1. e4 Nc6 2. d4 d5 3. e5 h5 4. h4 Bg4 5. Ne2 Qd7 6. c3 f6 7.
f3 Bf5 8. Bf4 fxe5 9. Bxe5 Nxe5 10. dxe5 e6 11. Nd4 Nh6 12. Nxf5 Nxf5 13. Bd3 g6 14. Bxf5 gxf5 15. Qe2 O-O-O 16. Nd2 Qa4 17. Nb3 c5 18. g3 Rg8 19. Rh3 Be7 20. f4 Rg4 21. O-O-O Qxa2 22. Kc2 Qa4 23. Ra1 Qe4+ 24. Qxe4 fxe4 25. Rxa7 Kb8 26. Ra5 b6 27. Ra1 Rdg8 28. Rg1 Rxf4 29. gxf4 Rxg1 30. Nc1 Rg2+ 31. Kb3 b5 32.
Ka2 c4 33. Kb1 Kc7 34. Na2 Kd7 35. Rh1 Rg4 36. Rf1 Bxh4 37. f5 exf5 38. Rxf5 Ke6 39. Rxh5 Rg1+ 40. Kc2 Bg5 41. Rh8 Kxe5 42. Re8+ Kf5 43.
Rf8+ Kg4 44. Rb8 e3 45. Re8 Kf3 46. Rf8+ Bf4 47. Nc1 Rxc1+ 48. Kxc1 e2+ 0-1

[Event "Late-Titled-Tuesday-Blitz-November-28-2023"]
[Site "Chess.com"]
[Date "2023.11.28"]
[Round "6"]
[White "Yurasova_Daria"]
[Black "FM_Kappeler"]
[Result "0-1"]
[WhiteElo "2469"]
[BlackElo "2337"]
[TimeControl "180+1"]
[EndTime "15:04:54 PST"]
[Termination "FM_Kappeler won on time"]

1. e4 c5 2. Nf3 e6 3. d4 cxd4 4.
Nxd4 Nf6 5. Nc3 d6 6. g4 h6 7. Bg2 Nc6 8. h3 Bd7 9. Be3 Be7 10. O-O O-O 11. f4 a6 12. Qf3 Qc7 13. Rad1 Rac8 14. Qg3 b5 15. a3 b4 16. axb4 Nxb4 17. Bf3 e5 18. fxe5 dxe5 19. Nf5 Bc5 20. Bxc5 Qxc5+ 21. Kh1 Bxf5 22. gxf5 Nxc2 23. Rg1 Ne8 24. f6 g6 25.
Nd5 Kh7 26. Ne7 Nxf6 27. Nxc8 Rxc8 28. Rc1 Qe3 29. Qg2 Rc4 30. Qe2 Qf4 31. Qxc4 Qxf3+ 32. Rg2 Ne3 33. Qe2 Qxh3+ 34. Kg1 Nxg2 35. Rc7 Nf4 36. Rxf7+ Kg8 0-1

[Event "Late-Titled-Tuesday-Blitz-November-28-2023"]
[Site "Chess.com"]
[Date "2023.11.28"]
[Round "6"]
[White "Meri-Arabidze"]
[Black "VitorBronson"]
[Result "0-1"]
[WhiteElo "2673"]
[BlackElo "2526"]
[TimeControl "180+1"]
[EndTime "15:04:56 PST"]
[Termination "VitorBronson won on time"]

1. b3 d5 2. Bb2 Bf5 3. Nf3 e6 4.
g3 Nf6 5. Bg2 h6 6. O-O Nbd7 7.
c4 c6 8. d4 Be7 9. e3 O-O 10. Qe2 a5 11. Nc3 Ne4 12. Na4 Nb6 13. Nxb6 Qxb6 14. c5 Qa6 15. Qxa6 Rxa6 16. Ne5 Rfa8 17.
Rfc1 a4 18. b4 a3 19. Bc3 Nxc3 20. Rxc3 f6 21. Nd7 Bd8 22. Rb3 e5 23. b5 cxb5 24.
Bxd5+ Kh8 25. Bxb7 Bxd7 26. d5 R6a7 27. Bxa8 Rxa8 28.
c6 Bf5 29. Rxb5 Bd3 30. Rb7 Rc8 31. f3 e4 32. fxe4 Bxe4 33. Rd1 f5 34. Kf2 Kh7 35. h3 h5 36. Rd4 h4 37. g4 Kg6 38. Rd7 Bb6 39. Rb4 Bc5 40. Rbb7 f4 41. Rxg7+ Kh6 42. Rgf7 fxe3+ 43. Ke2 Bxd5 44. Rf6+ Kg5 45. Rf5+ Kg6 46. Rxd5 Rxc6 47. Rb5 Bb6 48. Rg5+ Kf7 49. Rbf5+ Ke8 50.
Re5+ Kd8 51. Rd5+ Kc8 52. Rg8+ Kb7 53. Rg7+ Ka6 54. Kf3 Rc2 55. Rg6 Rf2+ 56. Ke4 e2 0-1

[Event "Late-Titled-Tuesday-Blitz-November-28-2023"]
[Site "Chess.com"]
[Date "2023.11.28"]
[Round "6"]
[White "kingofthenil"]
[Black "Actuary44"]
[Result "1-0"]
[WhiteElo "2693"]
[BlackElo "2462"]
[TimeControl "180+1"]
[EndTime "15:05:01 PST"]
[Termination "kingofthenil won on time"]

1. e4 c5 2. d3 e5 3. g3 d6 4. Bg2 f5 5. f4 fxe4 6. dxe4 exf4 7.
Bxf4 Nc6 8. Nc3 Nf6 9. Qd2 Be7 10. Nb5 O-O 11. Nxd6 Be6 12. O-O-O Nd4 13. e5 Nd5 14. c3 Qa5 15. Kb1 Bxd6 16. cxd4 Bf5+ 17. Ka1 Nb4 18. b3 Bc2 19. a4 Bxb3 20. Kb2 Bxd1 21. Qxd1 Bc7 22.
d5 c4 23. d6 Nd3+ 24. Ka2 Qb4 25. Qc2 Bb6 26. Ne2 Kh8 27. Rb1 Qa5 28. Qxc4 Nc5 29. Rb5 Qe1 30. a5 Rac8 31. Bh3 Ne6 32. Qd3 Nxf4 33. gxf4 Rc5 34. axb6 Rxb5 35. Qxb5 Qd2+ 36. Qb2 Qd5+ 37. Qb3 Qd2+ 38. Qb2 Qd5+ 39. Kb1 Qd1+ 40. Nc1 axb6 41. d7 Qf3 42. e6 Qxh3 43. e7 Qf5+ 44. Qc2 Qxc2+ 45. Kxc2 Kg8 46. e8=Q 1-0

[Event "Late-Titled-Tuesday-Blitz-November-28-2023"]
[Site "Chess.com"]
[Date "2023.11.28"]
[Round "6"]
[White "Cidonka"]
[Black "Dontmesswithme_2"]
[Result "0-1"]
[WhiteElo "2284"]
[BlackElo "2468"]
[TimeControl "180+1"]
[EndTime "15:05:01 PST"]
[Termination "Dontmesswithme_2 won by checkmate"]

1. e4 c5 2. Nf3 d6 3. d4 cxd4 4.
Nxd4 Nf6 5. Nc3 a6 6. Bg5 Nbd7 7. Qe2 h6 8. Bh4 Qc7 9. O-O-O e5 10. Nf5 b5 11. Ne3 Bb7 12. Bxf6 Nxf6 13. Ned5 Nxd5 14. Nxd5 Bxd5 15. Rxd5 Be7 16. h4 O-O 17. g3 Qa5 18.
Kb1 Rac8 19. Bh3 Rc7 20. Bf5 Qb6 21. Rhd1 b4 22. f4 exf4 23. gxf4 Bxh4 24. Qg4 Qf2 25.
R5d2 Qg3 26. Qh5 Qxf4 27. Rxd6 Bg5 28. R6d3 Qf2 29. Qh1 Qxc2+ 30. Ka1 Bf6 31. Rb3 a5 32. e5 Qxf5 33. exf6 Qxf6 34. Rg3 Rfc8 35. Qg1 Rc2 36.
Rb1 a4 37. Qa7 a3 38. Rb3 axb2+ 39. R3xb2 Rxb2 40. Rxb2 Rc1# 0-1

[Event "Late-Titled-Tuesday-Blitz-November-28-2023"]
[Site "Chess.com"]
[Date "2023.11.28"]
[Round "6"]
[White "Alexei_Gubajdullin"]
[Black "Ellaijio_B"]
[Result "0-1"]
[WhiteElo "2660"]
[BlackElo "2783"]
[TimeControl "180+1"]
[EndTime "15:05:03 PST"]
[Termination "Ellaijio_B won by checkmate"]

1. d4 d5 2. Nf3 Nf6 3. Bf4 a6 4. e3 g6 5. Nbd2 Bg7 6. Be2 O-O 7. O-O Bg4 8. Ne5 Bxe2 9. Qxe2 c6 10. c4 Nbd7 11. cxd5 Nxd5 12. Bg3 Nxe5 13. dxe5 Nb4 14. Nc4 Qd3 15. Qxd3 Nxd3 16. Rad1 Rad8 17. b3 Nb4 18.
Bh4 Nxa2 19. Bxe7 Rxd1 20. Rxd1 Rb8 21. Rd7 Bf8 22. Nd6 b5 23. Bf6 Nc1 24. Nxf7 Nxb3 25.
Nd8 Nc5 26. Ra7 b4 27. Nxc6 b3 28. e6 b2 29. Bxb2 Rxb2 30. g3 Nxe6 31. Rxa6 Nc5 32. Ra1 Nd3 33. Rf1 Bg7 34. Ne7+ Kf7 35. Nd5 g5 36. Kg2 h5 37. h3 Rd2 38. Nb6 Ne5 39.
Na4 g4 40. hxg4 Nxg4 41. Kh3 Kg6 42. f3 Rh2# 0-1

[Event "Late-Titled-Tuesday-Blitz-November-28-2023"]
[Site "Chess.com"]
[Date "2023.11.28"]
[Round "6"]
[White "rasmussvane"]
[Black "Dinamo81"]
[Result "1-0"]
[WhiteElo "2977"]
[BlackElo "2713"]
[TimeControl "180+1"]
[EndTime "15:05:04 PST"]
[Termination "rasmussvane won by resignation"]

1. Nf3 c5 2. g3 Nc6 3. Bg2 e5 4.
c4 g6 5. O-O Bg7 6. Nc3 d6 7. d3 Nge7 8. Bg5 f6 9. Bd2 Be6 10. a3 a5 11. Rb1 O-O 12. Ne1 Rb8 13. Nc2 d5 14. cxd5 Nxd5 15. Ne3 Nde7 16. Nb5 Qd7 17.
Nc4 b6 18. b4 axb4 19. axb4 Nd4 20. Nxd4 cxd4 21. b5 Nd5 22. Qb3 Rfc8 23. Rfc1 Bf8 24. Ra1 Bc5 25. Ra6 Rc7 26. Rca1 Kg7 27. Qb2 Bf7 28. Ra8 Rxa8 29. Rxa8 Ra7 30. Rxa7 Qxa7 31. h4 h5 32. Kh2 Qa4 33. e4 Nc3 34. Bxc3 dxc3 35.
Qxc3 Qxb5 36. Nxe5 fxe5 37. Qxe5+ Kg8 38. d4 Qe8 39. Qxe8+ Bxe8 40. dxc5 bxc5 41. Kg1 Kg7 42. Kf1 Kf6 43. Ke2 Ke5 44. Ke3 Bb5 45. f4+ Kd6 46. Bf3 Ke6 47. Be2 1-0